[Event "ICCopen2017"]
[Site "Internet Chess Club"]
[Date "2017.04.02"]
[Round "1"]
[White "Nightlife"]
[Black "MoonlightWizard"]
[Result "0-1"]
[ICCResult "White forfeits on time"]
[WhiteElo "1774"]
[BlackElo "2742"]
[Opening "French: Winawer, advance, positional main line"]
[ECO "C19"]
[NIC "FR.13"]
[Time "19:04:50"]
[TimeControl "180+0"]

1. e4 e6 2. d4 d5 3. Nc3 Bb4 4. e5 c5 5. a3 Bxc3+ 6. bxc3 Ne7 7. Nf3 Nbc6 8.
a4 Qa5 9. Qd2 f6 10. dxc5 fxe5 11. Be2 O-O 12. O-O e4 13. Nd4 e5 14. Nb5 Be6
15. Nd6 Rab8 16. Ba3 Qc7 17. Nb5 Qd7 18. Rad1 Bg4 19. Bxg4 Qxg4 20. Nd6 Rf6
21. h3 Qh5 22. Bc1 Rg6 23. Kh2 Rf8 24. Qe3 b6 25. cxb6 Rxd6 26. bxa7 Ra8 27.
Ba3 Rd7 28. Bxe7 Nxe7 29. Rb1 Rdxa7 30. Rb8+ Rxb8 31. Qxa7 Re8 32. Qd7 Kf8
33. a5 Qe2 34. Ra1 Qa6 35. f3 e3 36. Re1 e2 37. Qg4 Ng6 38. Qf5+ Kg8 39. Qd3
Qxd3 40. cxd3 Ra8 41. Rxe2 Rxa5 {White forfeits on time} 0-1

[Event "ICCopen2017"]
[Site "Internet Chess Club"]
[Date "2017.04.02"]
[Round "1"]
[White "azchess15"]
[Black "ivancele"]
[Result "1-0"]
[ICCResult "Black forfeits on time"]
[WhiteElo "2105"]
[BlackElo "1477"]
[Opening "Pirc: Ufimtsev-Pytel variation"]
[ECO "B07"]
[NIC "PU.08"]
[Time "19:04:44"]
[TimeControl "180+0"]

1. e4 d6 2. d4 Nf6 3. Nc3 c6 4. Be2 g6 5. h4 h5 6. Nf3 Qc7 7. Ng5 b5 8. a3
a6 9. Bf4 e5 10. Bg3 Bg7 11. dxe5 dxe5 12. Bd3 Bb7 13. Qe2 Nbd7 14. f3 O-O
15. Qe3 Rae8 16. O-O-O Nb6 17. Bf2 Nbd7 18. Be2 Re7 19. g4 Rfe8 20. Rd2 Nf8
21. Rhd1 Ne6 22. Qb6 Qxb6 23. Bxb6 Bh6 24. Bc5 Rc7 25. Nxe6 Bxd2+ 26. Rxd2
Rxe6 27. g5 Ne8 28. Rd8 Rc8 29. Rd7 Ba8 30. Bf1 f5 31. Bh3 Ng7 32. Na2 Ree8
33. Nb4 a5 34. Nd3 Red8 35. Ra7 Rb8 36. Be7 Re8 37. Bf6 Rb7 38. Rxa5
{Black forfeits on time}
1-0

[Event "ICCopen2017"]
[Site "Internet Chess Club"]
[Date "2017.04.02"]
[Round "1"]
[White "Zloy17"]
[Black "MDRAFE3"]
[Result "1/2-1/2"]
[ICCResult "Black ran out of time and White has no material to mate"]
[WhiteElo "1590"]
[BlackElo "1988"]
[Opening "QGD Slav: 4.e3"]
[ECO "D11"]
[NIC "SL.01"]
[Time "19:04:30"]
[TimeControl "180+0"]

1. d4 d5 2. c4 c6 3. Nf3 Nf6 4. e3 a6 5. Nbd2 Bf5 6. Nh4 Bg4 7. Qc2 e6 8.
Bd3 Nbd7 9. O-O Bd6 10. Nhf3 O-O 11. b3 b5 12. Bb2 Qb8 13. h3 Bh5 14. Rfc1
Bg6 15. a4 b4 16. c5 Bc7 17. a5 e5 18. dxe5 Nxe5 19. Nxe5 Bxe5 20. Bxe5 Qxe5
21. Nf3 Qe7 22. Bxg6 hxg6 23. Nd4 Qd7 24. Ra4 Rfb8 25. f3 Qb7 26. Qd2 Nd7
27. g4 Qc7 28. Qh2 Qb7 29. Qd6 Rc8 30. Kg2 Nf6 31. h4 Ne8 32. Qf4 Nc7 33. h5
gxh5 34. gxh5 Ne6 35. Nxe6 fxe6 36. Rxb4 Qe7 37. h6 g6 38. Qe5 Kh7 39. Rg4
Rf8 40. Qd6 Qf7 41. Rg3 Rac8 42. Rh1 Rfd8 43. Qe5 Rf8 44. Rh4 Rb8 45. Rf4
Qg8 46. Qc7+ Kh8 47. Rxf8 Rxf8 48. Qxc6 Qf7 49. Qd6 Qf5 50. Kh2 Qc2+ 51. Rg2
Qf5 52. Qg3 Qh5+ 53. Qh3 Qxh3+ 54. Kxh3 Rxf3+ 55. Kg4 Rxe3 56. Rc2 Rxb3 57.
c6 Rb8 58. c7 Rc8 59. Kg5 d4 60. Kxg6 d3 61. Rc3 d2 62. Rd3 Rg8+ 63. Kf6 Rc8
64. Rxd2 Rxc7 65. Kxe6 Rc6+ 66. Rd6 Rc5 67. Rxa6 Kh7 68. Kd7 Rd5+ 69. Kc7
Rc5+ 70. Kb7 Rb5+ 71. Kc6 Rb2 72. Rb6 Ra2 73. a6 Rc2+ 74. Kb7 Rf2 75. a7
Rf7+ 76. Ka6 Rf8 77. Rb8 Rf6+ 78. Kb5 Rf5+ 79. Kc6 Rf7 80. Kd5 Rxa7 81. Rb6
Ra5+ 82. Kd6 Ra6 83. Ke6 Rxb6+ 84. Kf5 Rxh6 85. Kg5 Rg6+ 86. Kf5 Rg7 87. Ke5
Kh6 88. Ke4 Kg5 89. Kf3 Rf7+ 90. Ke3 Rf6 91. Kd4 Rf5 92. Ke4 Kg4 93. Kd4
Rf4+ 94. Kd3 Kf3 95. Kc3 Re4 96. Kc2 Re3 97. Kd2 Ke4 98. Kc2
{Black ran out of time and White has no material to mate}
1/2-1/2

[Event "ICCopen2017"]
[Site "Internet Chess Club"]
[Date "2017.04.02"]
[Round "1"]
[White "DavidXanatoss"]
[Black "manusupergm2001"]
[Result "0-1"]
[ICCResult "White forfeits on time"]
[WhiteElo "1556"]
[BlackElo "2214"]
[Opening "Mieses opening"]
[ECO "A00"]
[NIC "VO.13"]
[Time "19:06:59"]
[TimeControl "180+0"]

1. d3 d5 2. e4 e6 3. Nc3 c5 4. exd5 exd5 5. Nh3 Nc6 6. Bf4 Bd6 7. Qe2+ Nge7
8. Bxd6 Qxd6 9. O-O-O O-O 10. Nb5 Qd8 11. Qh5 g6 12. Qh6 Nf5 13. Qd2 a6 14.
Na3 b5 15. g4 Nfd4 16. Ng5 Bxg4 17. f3 Nxf3 18. Nxf3 Bxf3 19. Be2 Bxh1 20.
Rxh1 Nd4 21. Re1 Re8 22. Bg4 Qh4 23. Rg1 h5 24. Bd7 Re2 25. Qd1 Qxh2 26. c3
Rxb2 {White forfeits on time} 0-1

[Event "ICCopen2017"]
[Site "Internet Chess Club"]
[Date "2017.04.02"]
[Round "1"]
[White "MATEPROOF"]
[Black "TomorrowLand"]
[Result "1-0"]
[ICCResult "Black checkmated"]
[WhiteElo "1994"]
[BlackElo "1459"]
[Opening "English: symmetrical, Benoni formation"]
[ECO "A31"]
[NIC "EO.26"]
[Time "19:04:06"]
[TimeControl "180+0"]

1. Nf3 Nf6 2. c4 c5 3. d4 cxd4 4. Nxd4 Nc6 5. g3 g6 6. Bg2 Bg7 7. O-O O-O 8.
Nc3 Qa5 9. Nb3 Qh5 10. e4 d6 11. Qxh5 Nxh5 12. h3 Ne5 13. c5 dxc5 14. Nxc5
b6 15. Nb3 Bb7 16. Nd5 e6 17. Ne7+ Kh8 18. f4 Nd3 19. e5 Bxg2 20. Kxg2 g5
21. Rf3 Nxc1 22. Rxc1 gxf4 23. gxf4 Bh6 24. Rc4 f6 25. Nd4 fxe5 26. Nxe6
Nxf4+ 27. Nxf4 Bxf4 28. Nd5 Bg5 29. Rxf8+ Rxf8 30. Rc7 Rd8 31. Nc3 Rd2+ 32.
Kf3 Rxb2 33. Ne4 Bf4 34. Kg4 Rf2 35. Kf5 Rg2 36. Kf6 Rg8 37. Rxa7 Rf8+ 38.
Ke6 Re8+ 39. Kd5 Rg8 40. Nf6 Rd8+ 41. Ke4 Rd4+ 42. Kf5 Bh6 43. Rxh7#
{Black checkmated}
1-0

[Event "ICCopen2017"]
[Site "Internet Chess Club"]
[Date "2017.04.02"]
[Round "1"]
[White "Quinten1994"]
[Black "kabindra"]
[Result "1-0"]
[ICCResult "Black forfeits on time"]
[WhiteElo "2297"]
[BlackElo "1605"]
[Opening "QP counter-gambit (elephant gambit)"]
[ECO "C40"]
[NIC "KP.10"]
[Time "19:04:53"]
[TimeControl "180+0"]

1. e4 e5 2. Nf3 d5 3. Nxe5 dxe4 4. Bc4 Qg5 5. d4 Qxg2 6. Rf1 Bh3 7. Bxf7+
Ke7 8. Bc4 Nc6 9. Nc3 Nxe5 10. dxe5 Rd8 11. Nd5+ Kd7 12. Nf4+ Kc8 13. Qxd8+
Kxd8 14. Nxg2 Bxg2 15. Rg1 Bf3 16. Bg5+ Ne7 17. Be2 Kc8 18. Bxf3 exf3 19.
Bxe7 Bxe7 20. Rxg7 Bb4+ 21. c3 Bc5 22. Rf7 Re8 23. Rxf3 Rxe5+ 24. Kf1 b6 25.
Re1 Rh5 26. Kg2 Rg5+ 27. Rg3 Rf5 28. f3 Rd5 29. Re2 Rd1 30. Kh3 Bd6 31. Rg7
h6 32. Rh7 Bf4 33. Kg4 Bd6 34. Rxh6 Rg1+ 35. Kh3 Kb7 36. Rf2 Bc5 37. Rg2 Rf1
38. Kg4 Ra1 39. a3 Rd1 40. h4 Rd5 41. Rh5 Rd6 42. Rxc5 bxc5 43. h5 Rd8 44.
Rh2 Rg8+ 45. Kf4 Kc6 46. h6 Kd7 47. h7 Rh8 48. Ke5 Ke7 49. Kd5 Kf7 50. Kxc5
Kg7 51. Kc6 Rf8 52. h8=Q+ {Black forfeits on time} 1-0

[Event "ICCopen2017"]
[Site "Internet Chess Club"]
[Date "2017.04.02"]
[Round "1"]
[White "Almutairih"]
[Black "BoldPlan"]
[Result "0-1"]
[ICCResult "White forfeits on time"]
[WhiteElo "1313"]
[BlackElo "1912"]
[Opening "Alekhine's defense"]
[ECO "B03"]
[NIC "AL.09"]
[Time "19:06:27"]
[TimeControl "180+0"]

1. e4 Nf6 2. e5 Nd5 3. d4 c6 4. c4 Nc7 5. Bd3 d5 6. c5 g6 7. Ne2 Bg7 8. O-O
O-O 9. Nbc3 b6 10. b4 Nd7 11. Bd2 a5 12. cxb6 Nxb6 13. bxa5 Rxa5 14. Qb3 Ne6
15. a4 Ba6 16. Nb5 Rxb5 17. axb5 Bxb5 18. Bxb5 cxb5 19. Qxb5 Nc4 20. Bb4 Nc7
21. Qb7 Qd7 22. Ra7 Rc8 23. Rd1 Qe8 24. Nc3 e6 25. Bd6 Na8 26. Nb5 Nab6 27.
Nc7 Qd7 28. Rb1 Nxd6 {White forfeits on time} 0-1

[Event "ICCopen2017"]
[Site "Internet Chess Club"]
[Date "2017.04.02"]
[Round "1"]
[White "chess-caleb"]
[Black "Kheshig"]
[Result "0-1"]
[ICCResult "White resigns"]
[WhiteElo "1733"]
[BlackElo "2611"]
[Opening "Caro-Kann: Panov-Botvinnik attack"]
[ECO "B13"]
[NIC "CK.03"]
[Time "19:04:23"]
[TimeControl "180+0"]

1. e4 c6 2. d4 d5 3. exd5 cxd5 4. c4 Nf6 5. Nc3 Nc6 6. Nf3 Be6 7. Qb3 Na5 8.
Qd1 dxc4 9. Bg5 Nd5 10. Qa4+ Bd7 11. Qc2 Nb4 12. Qd2 h6 13. Be3 e6 14. Be2
Bc6 15. O-O Bd6 16. Rad1 Nd5 17. Ne4 Bb4 18. Qc2 O-O 19. a3 Be7 20. Ned2 b5
21. Rfe1 Rc8 22. Nf1 Bf6 23. Ne5 Ba8 24. Bf3 Nc6 25. Bc1 Qd6 26. Ng3 Nxe5
27. Ne4 Nxf3+ 28. gxf3 Qe7 29. Kh1 c3 30. bxc3 Nb6 31. Rg1 Kh8 32. Qd3 a6
33. Rg3 Nd5 34. Rh3 Bh4 35. Rg1 f5 36. Nc5 Kh7 37. Nxe6 Qxe6 38. Rxh4 Rxc3
39. Qf1 Nf6 40. Qg2 Bxf3 41. Be3 Bxg2+ {White resigns} 0-1

[Event "ICCopen2017"]
[Site "Internet Chess Club"]
[Date "2017.04.02"]
[Round "1"]
[White "sacov"]
[Black "fisherino"]
[Result "1-0"]
[ICCResult "Black checkmated"]
[WhiteElo "2228"]
[BlackElo "1559"]
[Opening "King's Indian, 3.Nf3"]
[ECO "E61"]
[NIC "QP.06"]
[Time "19:09:03"]
[TimeControl "180+0"]

1. d4 Nf6 2. Nf3 g6 3. c4 Bg7 4. Nc3 O-O 5. Bg5 d6 6. e3 h6 7. Bh4 Qe8 8.
Be2 e5 9. O-O e4 10. Nd2 c6 11. Bxf6 Bxf6 12. Ndxe4 Qd8 13. Nxf6+ Qxf6 14.
Bf3 Be6 15. Qe2 Nd7 16. b4 Nb6 17. c5 dxc5 18. bxc5 Nd5 19. Nxd5 Bxd5 20.
Bxd5 cxd5 21. Rab1 Qe7 22. Qb5 Rab8 23. Qa5 b6 24. cxb6 axb6 25. Rxb6 Rxb6
26. Qxb6 Qa3 27. Qb3 Qd6 28. Rc1 Rb8 29. Qc2 Qa3 30. g3 Rb2 31. Qc8+ Kg7 32.
Qc7 Qxa2 33. Qe5+ Kh7 34. Rc8 Qa1+ 35. Kg2 Rxf2+ 36. Kxf2 Qb2+ 37. Kf3 g5
38. Rh8+ Kg6 39. Rg8+ Kh5 40. g4+ Kh4 41. Qg3# {Black checkmated} 1-0

[Event "ICCopen2017"]
[Site "Internet Chess Club"]
[Date "2017.04.02"]
[Round "2"]
[White "maxhappy"]
[Black "Mmario"]
[Result "0-1"]
[ICCResult "White resigns"]
[WhiteElo "2027"]
[BlackElo "2715"]
[Opening "Sicilian: closed"]
[ECO "B23"]
[NIC "SI.44"]
[Time "19:16:16"]
[TimeControl "180+0"]

1. e4 c5 2. Nc3 a6 3. f4 b5 4. Nf3 Bb7 5. d3 e6 6. a3 d5 7. e5 Ne7 8. Be2
Nf5 9. g4 Nd4 10. Be3 Nxe2 11. Nxe2 d4 12. Nexd4 cxd4 13. Bf2 Qd5
{White resigns}
0-1

[Event "ICCopen2017"]
[Site "Internet Chess Club"]
[Date "2017.04.02"]
[Round "2"]
[White "eltigrecu"]
[Black "Discoverchess"]
[Result "0-1"]
[ICCResult "White checkmated"]
[WhiteElo "1925"]
[BlackElo "2626"]
[Opening "Trompowsky attack (Ruth, Opocenský opening)"]
[ECO "A45"]
[NIC "QP.07"]
[Time "19:15:32"]
[TimeControl "180+0"]

1. d4 Nf6 2. Bg5 d5 3. Bxf6 gxf6 4. c3 c5 5. Nd2 Nc6 6. dxc5 e5 7. e3 Bxc5
8. Ngf3 Rg8 9. Nb3 Bb6 10. Bb5 a6 11. Bxc6+ bxc6 12. O-O Bh3 13. Nh4 f5 14.
Qh5 Qf6 15. Rfe1 Bg4 16. Qxh7 Rh8 17. Qxh8+ Qxh8 18. g3 O-O-O 19. a4 f4 20.
a5 Ba7 21. f3 Bh5 22. Nf5 Bxf3 23. Kf2 Qxh2+ 24. Kxf3 e4+ 25. Kxf4 Bb8+ 26.
Kg5 Rg8+ 27. Kf6 Qh8+ 28. Kxf7 Qh7+ 29. Ke6 Rg6# {White checkmated} 0-1

[Event "ICCopen2017"]
[Site "Internet Chess Club"]
[Date "2017.04.02"]
[Round "2"]
[White "nekochabo"]
[Black "ChessOptimist"]
[Result "1-0"]
[ICCResult "Black resigns"]
[WhiteElo "2683"]
[BlackElo "2032"]
[Opening "Réti v Dutch"]
[ECO "A04"]
[NIC "QP.11"]
[Time "19:15:23"]
[TimeControl "180+0"]

1. Nf3 f5 2. c4 g6 3. h4 e6 4. d4 Be7 5. h5 g5 6. Nc3 h6 7. e4 d6 8. Bd3 Nf6
9. Qc2 Nc6 10. a3 g4 11. d5 gxf3 12. dxc6 fxg2 13. Rg1 Rg8 14. exf5 exf5 15.
Bxf5 bxc6 16. Bg6+ Kf8 17. Bxh6+ Rg7 18. Rxg2 Bg4 19. Bxg7+ Kxg7 20. Bf5 Qe8
{Black resigns}
1-0

[Event "ICCopen2017"]
[Site "Internet Chess Club"]
[Date "2017.04.02"]
[Round "2"]
[White "hipopotamos"]
[Black "NWRiver"]
[Result "0-1"]
[ICCResult "White checkmated"]
[WhiteElo "1195"]
[BlackElo "1609"]
[Opening "Philidor's defense"]
[ECO "C41"]
[NIC "KP.10"]
[Time "19:16:29"]
[TimeControl "180+0"]

1. e4 e5 2. Nf3 d6 3. h3 Nf6 4. Nc3 Be7 5. Bc4 c6 6. O-O h6 7. d3 b6 8. Bd2
Bb7 9. Qc1 Qc7 10. Re1 a6 11. a3 Nbd7 12. g4 Rc8 13. g5 hxg5 14. Bxg5 Rxh3
15. Nh2 d5 16. exd5 cxd5 17. Bb3 Qc6 18. Bxf6 Nxf6 19. Qg5 d4 20. Ne2 Qh1#
{White checkmated}
0-1

[Event "ICCopen2017"]
[Site "Internet Chess Club"]
[Date "2017.04.02"]
[Round "2"]
[White "MDRAFE3"]
[Black "Jojua"]
[Result "1-0"]
[ICCResult "Black checkmated"]
[WhiteElo "1990"]
[BlackElo "1483"]
[Opening "Old Indian: Tartakower (Wade) variation"]
[ECO "A41"]
[NIC "QO.17"]
[Time "19:16:24"]
[TimeControl "180+0"]

1. d4 d6 2. Nf3 Bg4 3. g3 c6 4. Bg2 Nf6 5. O-O Qd7 6. Re1 Bh3 7. Bh1 h6 8.
e4 g5 9. e5 Nd5 10. c4 Nb6 11. exd6 Nxc4 12. dxe7 Bg7 13. Nc3 Be6 14. b3 Nb6
15. Ba3 Na6 16. Ne4 Nc8 17. Ne5 Bxe5 18. dxe5 Qxd1 19. Nf6# {Black
checkmated} 1-0

[Event "ICCopen2017"]
[Site "Internet Chess Club"]
[Date "2017.04.02"]
[Round "2"]
[White "refid"]
[Black "blunderville"]
[Result "1-0"]
[ICCResult "Black checkmated"]
[WhiteElo "1819"]
[BlackElo "1520"]
[Opening "Queen's pawn game, Darooha variation "]
[ECO "D02"]
[NIC "QP.06"]
[Time "19:15:15"]
[TimeControl "180+0"]

1. d4 Nf6 2. Nf3 d5 3. c4 e6 4. g3 c6 5. Qc2 g6 6. Bg2 Bg7 7. O-O O-O 8.
Nbd2 Nbd7 9. b3 b6 10. Bb2 Bb7 11. e4 dxe4 12. Nxe4 Nxe4 13. Qxe4 Nf6 14.
Qe2 Re8 15. Rfd1 Qc7 16. Ne5 Rad8 17. c5 b5 18. a4 a6 19. axb5 axb5 20. Ra7
Ra8 21. Rda1 Rxa7 22. Rxa7 Ra8 23. Rxb7 Qxb7 24. Bxc6 Qa6 25. Bxa8 Qxa8 26.
Qxb5 Ne4 27. Qc6 Qa2 28. Qe8+ Bf8 29. Qxf7+ Kh8 30. Qxf8# {Black checkmated}
1-0

[Event "ICCopen2017"]
[Site "Internet Chess Club"]
[Date "2017.04.02"]
[Round "2"]
[White "wmanthony"]
[Black "sonofmarabu"]
[Result "0-1"]
[ICCResult "White resigns"]
[WhiteElo "1327"]
[BlackElo "1713"]
[Opening "Sicilian: Smith-Morra gambit"]
[ECO "B21"]
[NIC "SI.48"]
[Time "19:15:35"]
[TimeControl "180+0"]

1. e4 c5 2. d4 cxd4 3. c3 d3 4. Bxd3 Nc6 5. Nf3 g6 6. O-O Bg7 7. Be3 d6 8.
Nbd2 Nf6 9. Nb3 O-O 10. Nbd4 Bd7 11. Qb3 Rb8 12. Nxc6 bxc6 13. Qc2 c5 14. c4
Rb6 15. e5 Ng4 16. exd6 Nxe3 17. dxe7 Qxe7 {White resigns} 0-1

[Event "ICCopen2017"]
[Site "Internet Chess Club"]
[Date "2017.04.02"]
[Round "2"]
[White "nino-dg"]
[Black "SIRPALADIN"]
[Result "1-0"]
[ICCResult "Black resigns"]
[WhiteElo "2377"]
[BlackElo "1861"]
[Opening "Caro-Kann: Tartakower (Nimzovich) variation"]
[ECO "B15"]
[NIC "CK.06"]
[Time "19:15:14"]
[TimeControl "180+0"]

1. e4 c6 2. d4 d5 3. Nc3 dxe4 4. Nxe4 Nf6 5. Nxf6+ exf6 6. c3 Be7 7. Bd3 O-O
8. Ne2 Re8 9. Qc2 g6 10. h4 f5 11. h5 Nd7 12. g4 Bf8 13. hxg6 fxg6 14. gxf5
gxf5 15. Bxf5 h6 16. Qb3+ Kh8 17. Bxh6 Rxe2+ 18. Kxe2 Qe7+ 19. Kf1
{Black resigns}
1-0

[Event "ICCopen2017"]
[Site "Internet Chess Club"]
[Date "2017.04.02"]
[Round "2"]
[White "ehkopean"]
[Black "splashlee2010"]
[Result "1-0"]
[ICCResult "Black resigns"]
[WhiteElo "1647"]
[BlackElo "1228"]
[Opening "Sicilian: closed, 2...Nc6"]
[ECO "B23"]
[NIC "SI.44"]
[Time "19:15:31"]
[TimeControl "180+0"]

1. e4 c5 2. Nc3 Nc6 3. Bb5 e6 4. Bxc6 bxc6 5. f4 d5 6. e5 d4 7. Ne4 f5 8.
exf6 Nxf6 9. Qe2 Qe7 10. Nf3 a5 11. d3 Ba6 12. b3 Nd5 13. a4 Qf7 14. O-O
Nxf4 15. Bxf4 Qxf4 16. Nxd4 Qc7 17. Nxe6 Qe7 18. Nxf8 Rxf8 19. Rxf8+ Qxf8
20. Nxc5+ {Black resigns} 1-0

[Event "ICCopen2017"]
[Site "Internet Chess Club"]
[Date "2017.04.02"]
[Round "2"]
[White "Mysterious17"]
[Black "takes-takes"]
[Result "1-0"]
[ICCResult "Black checkmated"]
[WhiteElo "1643"]
[BlackElo "1213"]
[Opening "Philidor: exchange variation"]
[ECO "C41"]
[NIC "KP.08"]
[Time "19:15:32"]
[TimeControl "180+0"]

1. e4 e5 2. Nf3 d6 3. d4 exd4 4. Bc4 Be7 5. Nxd4 Nf6 6. Nc3 Nc6 7. O-O O-O
8. h3 a6 9. Nxc6 bxc6 10. Be3 a5 11. Qe2 Nxe4 12. Nxe4 d5 13. Rad1 Qe8 14.
Bd4 dxc4 15. Rfe1 c5 16. Nxc5 Be6 17. Nxe6 fxe6 18. Qxe6+ Kh8 19. Qxe7 Qh5
20. Qxg7# {Black checkmated} 1-0

[Event "ICCopen2017"]
[Site "Internet Chess Club"]
[Date "2017.04.02"]
[Round "2"]
[White "BlueGreen"]
[Black "azchess15"]
[Result "1-0"]
[ICCResult "Black resigns"]
[WhiteElo "2722"]
[BlackElo "2104"]
[Opening "Réti: King's Indian attack (Barcza system)"]
[ECO "A07"]
[NIC "QP.09"]
[Time "19:15:59"]
[TimeControl "180+0"]

1. Nf3 d5 2. g3 e6 3. Bg2 Nf6 4. O-O Be7 5. d3 c5 6. Nbd2 O-O 7. c3 Nc6 8.
Qc2 b6 9. a4 Bb7 10. e4 Qc7 11. Re1 Rfd8 12. Nf1 Rac8 13. Bf4 Qd7 14. e5 Ne8
15. h4 d4 16. c4 Nb4 17. Qe2 Nd5 18. cxd5 Bxd5 19. N1d2 Qb7 20. Ne4 Nc7 21.
h5 h6 22. g4 Bb3 23. g5 hxg5 24. Bxg5 Nd5 25. Bxe7 Qxe7 26. Nfg5 Nf4 27. Qf3
Nd5 28. Qg3 {Black resigns} 1-0

[Event "ICCopen2017"]
[Site "Internet Chess Club"]
[Date "2017.04.02"]
[Round "2"]
[White "krankenstein"]
[Black "soyleyenda"]
[Result "0-1"]
[ICCResult "White checkmated"]
[WhiteElo "1214"]
[BlackElo "1633"]
[Opening "Queen's pawn game"]
[ECO "A45"]
[NIC "QP.07"]
[Time "19:15:41"]
[TimeControl "180+0"]

1. d4 Nf6 2. a3 g6 3. Nc3 Bg7 4. Nf3 O-O 5. h3 d5 6. Bf4 c5 7. e3 Nc6 8. b3
Qa5 9. Qd2 cxd4 10. exd4 Qb6 11. b4 a5 12. b5 Na7 13. a4 Bf5 14. Bd3 Bxd3
15. Qxd3 Nc8 16. Ne2 Nd6 17. O-O Nde4 18. Ng3 Rac8 19. Ne5 Rc3 20. Qd1 Nxg3
21. Bxg3 Rfc8 22. Rc1 Ne4 23. Bf4 f6 24. Nd7 Qd8 25. Nc5 Nxc5 26. dxc5 e5
27. Bd2 R3xc5 28. Qe1 b6 29. Be3 Rxc2 30. Rxc2 Rxc2 31. f4 d4 32. Bc1 Qd5
33. fxe5 Qxg2# {White checkmated} 0-1

[Event "ICCopen2017"]
[Site "Internet Chess Club"]
[Date "2017.04.02"]
[Round "2"]
[White "Darnoc"]
[Black "TheDonald"]
[Result "1-0"]
[ICCResult "Black resigns"]
[WhiteElo "2910"]
[BlackElo "2152"]
[Opening "Old Benoni defense"]
[ECO "A44"]
[NIC "OI.09"]
[Time "19:16:46"]
[TimeControl "180+0"]

1. d4 c5 2. d5 e5 3. c4 d6 4. e4 Ne7 5. h4 Nd7 6. Nc3 a6 7. Be2 h6 8. Nf3 g6
9. h5 g5 10. g4 Nf6 11. Nd2 Bd7 12. a3 Qa5 13. O-O Nc8 14. b4 cxb4 15. Nb3
Qc7 16. axb4 Be7 17. Be3 b6 18. f3 O-O 19. Qd2 Ne8 20. Rfc1 Qb7 21. Rab1 Nc7
22. c5 bxc5 23. bxc5 Bb5 24. Na5 Qb8 25. Nc6 Qb7 26. Nxe7+ Nxe7 27. cxd6
{Black resigns}
1-0

[Event "ICCopen2017"]
[Site "Internet Chess Club"]
[Date "2017.04.02"]
[Round "2"]
[White "Sc6"]
[Black "cap78red"]
[Result "1-0"]
[ICCResult "Black checkmated"]
[WhiteElo "1700"]
[BlackElo "1268"]
[Opening "Alekhine's defense: two pawns' (Lasker's) attack"]
[ECO "B02"]
[NIC "AL.10"]
[Time "19:15:15"]
[TimeControl "180+0"]

1. e4 Nf6 2. e5 Nd5 3. c4 Nb6 4. c5 Nd5 5. Nc3 c6 6. Bc4 Nxc3 7. bxc3 d5 8.
cxd6 exd6 9. exd6 Bxd6 10. d4 O-O 11. Ne2 Bg4 12. f3 Qh4+ 13. g3 Bxg3+ 14.
Nxg3 Bxf3 15. Qxf3 Re8+ 16. Kf2 Nd7 17. Bd2 Nf6 18. Rae1 c5 19. Rxe8+ Rxe8
20. h3 cxd4 21. Qxb7 dxc3 22. Qxf7+ Kh8 23. Bxc3 h6 24. Bxf6 Qxf6+ 25. Qxf6
gxf6 26. Re1 Rc8 27. Bb3 a5 28. Re7 a4 29. Bxa4 Rd8 30. Re8+ Rxe8 31. Bxe8
Kg7 32. Kf3 Kf8 33. Ba4 Ke7 34. Kf4 Kd6 35. Nf5+ Kc5 36. Nxh6 Kb4 37. Bb3
Kc5 38. Kf5 Kd6 39. Kxf6 Kc5 40. Nf5 Kb4 41. h4 Kc3 42. h5 Kd3 43. h6 Ke4
44. h7 Kf4 45. h8=Q Kg4 46. Qh4+ Kf3 47. Ke5 Kg2 48. Qg3+ Kh1 49. Bd5#
{Black checkmated}
1-0

[Event "ICCopen2017"]
[Site "Internet Chess Club"]
[Date "2017.04.02"]
[Round "2"]
[White "rovov"]
[Black "WestWright"]
[Result "1-0"]
[ICCResult "Black resigns"]
[WhiteElo "1741"]
[BlackElo "1028"]
[Opening "Réti opening"]
[ECO "A30"]
[NIC "QP.10"]
[Time "19:15:53"]
[TimeControl "180+0"]

1. Nf3 c5 2. c4 d6 3. Nc3 Nc6 4. g3 Nf6 5. Bg2 Rb8 6. O-O a6 7. d4 cxd4 8.
Nxd4 e5 9. Bxc6+ bxc6 10. Nxc6 Qc7 11. Nxb8 Qxb8 12. Qa4+ Nd7 13. Be3 Be7
14. Rab1 O-O 15. Nd5 Bd8 16. Rfd1 f5 17. f4 Bb7 18. Qxd7 Bxd5 19. Rxd5 exf4
20. gxf4 Bf6 21. Qxd6 Bxb2 22. Qxb8 Rxb8 23. Rd2 Bc3 24. Rxb8+ Kf7 25. Rd6
g6 26. Rb7+ Ke8 27. Rxa6 Bf6 28. Ra8+ Bd8 29. Bb6 {Black resigns} 1-0

[Event "ICCopen2017"]
[Site "Internet Chess Club"]
[Date "2017.04.02"]
[Round "2"]
[White "thxgg"]
[Black "thedudeabides"]
[Result "1-0"]
[ICCResult "Black checkmated"]
[WhiteElo "1823"]
[BlackElo "1522"]
[Opening "Nimzo-Indian: Reshevsky variation"]
[ECO "E46"]
[NIC "NI.10"]
[Time "19:15:15"]
[TimeControl "180+0"]

1. d4 Nf6 2. c4 e6 3. Nc3 Bb4 4. e3 O-O 5. Ne2 d5 6. a3 Be7 7. Ng3 a6 8. h4
dxc4 9. Bxc4 c5 10. h5 b5 11. Be2 cxd4 12. exd4 Bb7 13. O-O Nc6 14. h6 g6
15. Be3 Rc8 16. Bf3 Qd7 17. Qe2 Rfd8 18. Rfd1 Qe8 19. d5 exd5 20. Nxd5 Nxd5
21. Bxd5 Bf6 22. Qf3 Qe7 23. Ne4 Bxb2 24. Rab1 Bh8 25. Bg5 Qe5 26. Qxf7#
{Black checkmated}
1-0

[Event "ICCopen2017"]
[Site "Internet Chess Club"]
[Date "2017.04.02"]
[Round "2"]
[White "JayMarcel"]
[Black "chekbouncer"]
[Result "1-0"]
[ICCResult "Black resigns"]
[WhiteElo "1715"]
[BlackElo "1309"]
[Opening "Réti opening"]
[ECO "A04"]
[NIC "QP.11"]
[Time "19:15:33"]
[TimeControl "180+0"]

1. Nf3 d6 2. c4 c5 3. Nc3 Nc6 4. g3 g6 5. Bg2 Bg7 6. O-O Bg4 7. h3 Bxf3 8.
Bxf3 e5 9. d3 f5 10. Nd5 Nf6 11. Bg5 O-O 12. Qd2 Nd4 13. Bg2 Qd7 14. Nxf6+
Bxf6 15. Bxf6 Rxf6 16. e3 Ne6 17. Bd5 Kg7 18. b4 Nc7 19. Bxb7 Rb8 20. Bg2
cxb4 21. d4 e4 22. Rab1 a5 23. a3 Na6 24. axb4 axb4 25. d5 b3 26. Qc3 Qa4
27. Rb2 Nc5 28. Rfb1 Qa3 29. Bf1 Na4 30. Qa5 Qxb2 31. Rxb2 Nxb2 32. Qc7+
{Black resigns}
1-0

[Event "ICCopen2017"]
[Site "Internet Chess Club"]
[Date "2017.04.02"]
[Round "2"]
[White "Baltimora"]
[Black "GregoryHouse"]
[Result "1-0"]
[ICCResult "Black checkmated"]
[WhiteElo "2192"]
[BlackElo "1740"]
[Opening "King's Indian: fianchetto, Uhlmann (Szabo) variation"]
[ECO "E62"]
[NIC "KI.72"]
[Time "19:15:36"]
[TimeControl "180+0"]

1. c4 Nf6 2. Nf3 g6 3. g3 Bg7 4. Bg2 O-O 5. O-O d6 6. d4 Nc6 7. Nc3 e5 8. d5
Nb8 9. e4 a5 10. Ne1 Na6 11. Nd3 Nd7 12. f4 exf4 13. gxf4 Ndc5 14. Nxc5 Nxc5
15. Be3 b6 16. Bd4 Re8 17. Qd2 f5 18. Bxg7 Kxg7 19. e5 dxe5 20. fxe5 Rxe5
21. Rae1 Rxe1 22. Rxe1 Bd7 23. d6 c6 24. Re7+ Kg8 25. Qd4 Qf8 26. Qh4 h6 27.
Nd5 g5 28. Qd4 Ne6 29. Nf6+ Kh8 30. Rh7# {Black checkmated} 1-0